[Event "Susha Chess Blitz Women 2022"]
[Site "Shusha"]
[Date "2022.09.24"]
[Round "14"]
[White "Fataliyeva, Ulviyya"]
[Black "Dzagnidze, Nana"]
[Result "0-1"]
[ECO "A07"]
[WhiteElo "2408"]
[BlackElo "2526"]
[Annotator "TA"]
[PlyCount "106"]
[EventDate "2022.09.24"]
[EventType "tourn"]
[EventCountry "AZE"]
[SourceTitle "playchess.com"]
[Source "ChessBase"]
[SourceQuality "1"]
[TimeControl "180+2"]

1. Nf3 Nf6 2. g3 d5 3. Bg2 c6 4. O-O Bg4 5. d4 e6 6. Nbd2 Nbd7 7. h3 Bh5 8. c4 Bd6 {[%emt 0:00:29] D11: Slav Defence: 3 Nf3 sidelines and 3...Nf6 4 e3 Bg4.} 9. cxd5 exd5 {[%emt 0:00:02] [#]} 10. Qb3 $146 ({Predecessor:} 10. Re1 O-O 11. e4 dxe4 12. Nxe4 Nxe4 13. Rxe4 Nf6 14. Re1 Qb6 15. g4 Bg6 16. Ne5 Rfe8 17. Bf4 Rad8 18. Qd2 Bb4 19. Nc4 Bxd2 20. Rxe8+ Rxe8 21. Nxb6 Bxf4 {0-1 (21) Bass,C-Kaidanov,G (2638) Los Angeles 2003}) 10... Rb8 {[%emt 0:00:14] The position is equal.} 11. Qc3 (11. Qe3+ $11 Qe7 12. Qxe7+ Bxe7 13. Re1) 11... O-O $15 12. Ne5 ({White should try} 12. g4 $15 Bg6 13. Ne5) 12... Bxe2 13. Re1 Ba6 14. b4 Re8 15. f4 (15. Ndf3 $17) 15... Nf8 (15... Qb6 $19 {Threatens to win with ...Nxe5.} 16. b5 cxb5) 16. Nb3 Bc4 (16... Ne4 $142 17. Bxe4 dxe4) 17. Na5 $17 Qb6 18. Bd2 Ba6 (18... Bxb4 $2 19. Qxb4 Ba6 20. Qc3 $18) 19. Kh1 (19. a4 $15) 19... Ne6 20. Nb3 Bc4 (20... Qd8 $17 {[%cal Of6e4] Hoping for ...Ne4!} 21. Qc2 Rc8) 21. Nxc4 dxc4 22. Qxc4 Rbd8 23. Rad1 Bf8 24. Bc3 Nd5 25. Bxd5 (25. Nc5 $11) 25... Rxd5 ({Better is} 25... cxd5 $17 26. Qd3 Bxb4) 26. Re5 Red8 27. Rde1 a6 28. a3 Qb5 29. Qxb5 axb5 30. Rxd5 Rxd5 31. Re5 Rxe5 (31... Rd8 $15) 32. dxe5 $15 {[%emt 0:00:00][%mdl 4096] Endgame KBN-KBN} g6 33. Kg2 Be7 34. Kf3 (34. Na5 $5 ) 34... Kf8 35. g4 Ke8 36. Ke4 Kd7 37. Be1 b6 38. h4 c5 39. h5 gxh5 40. gxh5 Nc7 41. f5 Kc6 42. f6 Bf8 43. Kf5 {[%emt 0:00:02] [#]} (43. Bd2 $11) 43... Ne6 (43... Kd5 $1 $17 {...Ne6 is the strong threat.} 44. Nc1 Ne6) 44. bxc5 (44. Ke4 $11) 44... bxc5 $17 {[%emt 0:00:01][%cal Bb6c5,Bc5c4,Bc4c3,Bc3c2][%mdl 32] And now ...Kd5 would win.} 45. Bf2 $2 {[%emt 0:00:03][%mdl 8192] This move loses the game for White.} (45. Ke4 $17 {nothing else works.}) 45... Kd5 $19 46. Na5 c4 47. Be1 Bxa3 {[%emt 0:00:01] [#] aiming for ...b4.} 48. Nb7 Bf8 49. Bc3 b4 50. Be1 c3 51. Na5 c2 52. Nb3 Kc4 53. Nc1 b3 {[%emt 0:00:01] Weighted Error Value: White=0.79/Black=0.28 (precise)} (53... Bh6 $142 54. Ke4 Bxc1 55. Bf2 Bd2 56. Kf5 c1=Q 57. Kg4 Ng5 58. Kg3 Qh1 59. Ba7 Qf3+ 60. Kh2 Bf4+ 61. Kg1 Nh3#) 0-1

[Event "Susha Chess Blitz Women 2022"]
[Site "Shusha"]
[Date "2022.09.24"]
[Round "14"]
[White "Zawadzka, Jolanta"]
[Black "Mammadova, Gulnar"]
[Result "0-1"]
[ECO "C02"]
[WhiteElo "2401"]
[BlackElo "2382"]
[Annotator "TA"]
[PlyCount "58"]
[EventDate "2022.09.24"]
[EventType "tourn"]
[EventCountry "AZE"]
[SourceTitle "playchess.com"]
[Source "ChessBase"]
[SourceQuality "1"]
[TimeControl "180+2"]

1. e4 e6 2. d4 d5 3. e5 c5 4. c3 Ne7 5. Nf3 Nec6 6. Be2 b6 $1 {[%emt 0:00:01] 6...b6 is better than 6...Nd7. C02: French: Advance Variation.} 7. O-O Be7 8. Be3 {[%emt 0:00:07] [#]} a5 $146 {[%emt 0:00:08] The position is equal.} ({Predecessor:} 8... O-O 9. Nbd2 a5 10. h4 Ba6 11. g3 Qc8 12. Rc1 Bxe2 13. Qxe2 Qa6 14. Qd1 Nd7 {0-1 (30) Sizintsev,A (2080)-Chekhov,S (2466) Voronezh 2014}) 9. Ne1 Ba6 10. Nd3 Nd7 11. f4 g6 12. Nd2 a4 13. Nf3 (13. g4 {looks sharper.} O-O 14. Rc1 f5 15. exf6 Bxf6 16. Ne5) 13... cxd4 (13... Qc8 {is interesting.} 14. Qd2 Bb5 15. Rfc1 Qa6) 14. Nxd4 Nxd4 15. Bxd4 Bxd3 (15... Bc4 $11 {keeps the balance.}) 16. Bxd3 Nc5 17. Bb5+ Kf8 18. Qe2 h5 19. Rad1 Qc7 20. c4 dxc4 21. Bxc4 Rd8 22. Kh1 Kg7 23. Bc3 (23. Qf3 $11) 23... Rxd1 (23... a3 $5 ) 24. Rxd1 Rd8 (24... a3 $5) 25. h3 $2 {[%emt 0:00:09][%mdl 8192] [#]} (25. Rxd8 $11 Qxd8 26. h3) 25... Rxd1+ $2 (25... Ne4 $1 $19 26. Qxe4 Rxd1+ 27. Kh2 Qc5) 26. Qxd1 $17 {[%emt 0:00:01] [#]} Ne4 $1 {[%emt 0:00:02] Threatens to win with ...Nf2+.} 27. Qxa4 $2 (27. Qd4 $17 {was the only defense.} Ng3+ 28. Kh2) 27... Qc5 $19 {[%emt 0:00:16] ...Qe3 is the strong threat.} 28. Ba6 (28. Qb4 $142 Qxb4 29. Bxb4 Bxb4 30. g4) 28... Qe3 {[%emt 0:00:04] ( -> ...Bc5)} 29. Qd1 Nf2+ {[%emt 0:00:02] Weighted Error Value: White=1.11/Black=0.30} 0-1

[Event "Susha Chess Blitz Women 2022"]
[Site "Shusha"]
[Date "2022.09.24"]
[Round "14"]
[White "Balajayeva, Khanim"]
[Black "Arabidze, Meri"]
[Result "0-1"]
[ECO "B22"]
[WhiteElo "2379"]
[BlackElo "2422"]
[Annotator "TA"]
[PlyCount "66"]
[EventDate "2022.09.24"]
[EventType "tourn"]
[EventCountry "AZE"]
[SourceTitle "playchess.com"]
[Source "ChessBase"]
[SourceQuality "1"]
[TimeControl "180+2"]

1. e4 c5 2. c3 d5 3. exd5 Nf6 4. Qa4+ Nbd7 {[%emt 0:00:04] [#]} 5. Nf3 $146 ({Predecessor:} 5. Qb3 g6 6. Nf3 Bg7 7. d4 O-O 8. Be3 Ng4 9. Bg5 cxd4 10. cxd4 h6 11. Bh4 Nb6 {0-1 (44) Harika,D (2517)-Fedoseev,V (2701) Chess.com INT 2022}) 5... Nxd5 6. d4 {[%emt 0:00:01] B22: Sicilian: 2 c3.} e6 7. Bd3 Be7 8. O-O {[%emt 0:00:02] The position is equal.} O-O 9. c4 N5f6 10. d5 Nb6 11. Qc2 exd5 12. cxd5 Nbxd5 {[%emt 0:00:01] [#] And now ...Nb4 would win.} 13. a3 {[%emt 0:00:02] Against Nb4} h6 14. Nc3 Nxc3 15. Qxc3 Be6 16. Bc2 Qc7 {[%emt 0:00:12] Inhibits Bf4.} 17. Re1 Rfe8 18. b3 Rad8 19. Bb2 b5 20. Rac1 Qb6 21. Bb1 c4 $1 {[%emt 0:00:10] [#] ...b4 is the strong threat.} 22. bxc4 (22. b4 $17) 22... Bxc4 ({Inferior is} 22... bxc4 23. Qc2 $17) 23. Ne5 Bc5 24. Qg3 {[%emt 0:00:06] Now White is beyond hope.} (24. Ng4 $17 {nothing else works.}) 24... Rd2 $19 {[%emt 0:00:07][%csl LRb2,LRf2][%cal Rc5f2] Black is clearly winning.} 25. Ng4 {[%emt 0:00:15] Threatening mate with Nxf6+.} Rxe1+ 26. Rxe1 Rxb2 27. Nxf6+ Qxf6 28. Re8+ Bf8 29. Rxf8+ Kxf8 30. Qb8+ Ke7 31. Qc7+ Ke8 32. Qb8+ Qd8 33. Qe5+ Kf8 {[%emt 0:00:00] Weighted Error Value: White=1.09/Black=0.07 (flawless)} 0-1

[Event "Susha Chess Blitz Women 2022"]
[Site "Shusha"]
[Date "2022.09.24"]
[Round "14"]
[White "Beydullayeva, Govhar"]
[Black "Ozturk Orenli, Kubra"]
[Result "1/2-1/2"]
[ECO "D37"]
[WhiteElo "2346"]
[BlackElo "2319"]
[Annotator "TA"]
[PlyCount "109"]
[EventDate "2022.09.24"]
[EventType "tourn"]
[EventCountry "AZE"]
[SourceTitle "playchess.com"]
[Source "ChessBase"]
[SourceQuality "1"]
[TimeControl "180+2"]

1. d4 d5 2. Nf3 Nf6 3. c4 e6 4. Nc3 Be7 5. Bf4 O-O 6. e3 b6 7. Bd3 Bb7 8. cxd5 {[%emt 0:00:02] D37: Queen's Gambit Declined: 5 Bf4.} Nxd5 9. Nxd5 Qxd5 10. Bxc7 {[%emt 0:00:01] White is slightly better.} Bb4+ 11. Kf1 {[%emt 0:00:10] [#]} Na6 $146 ({Predecessor:} 11... Nc6 12. h4 Rac8 13. Bg3 h6 14. Kg1 Rfd8 15. Rh3 Bd6 16. a3 Na5 17. Bxd6 Rxd6 {1-0 (39) Johannsson,B (2052)-Koellner,A (2248) Reykjavik 2021}) 12. Bf4 h6 (12... Bd6 $14) 13. h4 Rad8 14. e4 Qd7 15. Qe2 $1 Nb8 (15... Nc5 $16) 16. Rd1 Be7 (16... f6 $142 17. h5 Bd6) 17. Rh3 $1 $18 Nc6 {[%emt 0:00:05] [#]} 18. Be3 (18. Bxh6 $1 $18 {[%mdl 512] and White stays clearly on top.} Rfe8 (18... f6 19. Rg3) 19. Be3) 18... f5 (18... Nb4 $16 {is a better defense.}) 19. exf5 exf5 20. Bc4+ Kh8 21. d5 Na5 22. Bb5 Qd6 {[%emt 0:00:02] [#]} 23. Kg1 ({Better is} 23. b4 $1 $16 Qxb4 24. Ne5) 23... Bf6 (23... Bxd5 $11 24. Bd4 Bf6 25. Bxf6 Qxf6) 24. h5 (24. Bg5 $5) 24... Bxd5 (24... Qe7 $14) 25. Nh4 $16 Bxh4 26. Rxh4 Qe7 27. Rhd4 Bf7 (27... Bc6 $16 {was called for.}) 28. Rxd8 (28. Rd7 $18 Rxd7 29. Rxd7) 28... Rxd8 $14 29. Rxd8+ Qxd8 30. b4 Nb7 31. Bc6 Nd6 32. Qd2 $36 {[%emt 0:00:03][%mdl 2048] Black is under pressure.} Qe7 33. Bf3 (33. Bf4 $11 {remains equal.} Ne8 34. Bd7) 33... Ne4 (33... Nc4 $17 34. Qd4 Nxe3 35. fxe3 Bxa2) 34. Qd4 $11 Kh7 35. b5 Nf6 36. Qf4 Qe6 37. Qb8 Ne4 (37... Qd7 $15 {stays ahead.}) 38. Qxa7 $16 {[%emt 0:00:01] Threatens to win with a4. White is more active.} Qxa2 39. Qxa2 (39. Bxb6 $16 {Qxa2 is the strong threat.} Ng5 40. Bc6 (40. Bd1 $2 Qb1 $19)) 39... Bxa2 $14 40. Bxb6 $16 {[%emt 0:00:01][%mdl 4096] Endgame Hoping for Be2. KBB-KBN} Bc4 {[%emt 0:00:01] Inhibits Be2. The position is equal.} 41. Bd4 {[%emt 0:00:04] Strongly threatening b6.} Bxb5 42. g4 Nd2 43. Bd1 Bd7 44. gxf5 Bxf5 45. Kg2 Be4+ 46. Kg3 Bd3 47. Ba4 Ne4+ 48. Kf4 Ng5 49. Bd7 Be2 50. Bf5+ {[%emt 0:00:01] This bishop pair is nice.} Kg8 51. Bg6 Bd1 52. Bc3 Be2 53. Ke3 Bd1 54. Kf4 Be2 55. Ke3 {[%emt 0:00:01] Weighted Error Value: White=0.30/Black=0.32} 1/2-1/2

[Event "Susha Chess Blitz Women 2022"]
[Site "Shusha"]
[Date "2022.09.24"]
[Round "15"]
[White "Efroimski, Marsel"]
[Black "Ozturk Orenli, Kubra"]
[Result "0-1"]
[ECO "C49"]
[WhiteElo "2462"]
[BlackElo "2319"]
[Annotator "TA"]
[PlyCount "240"]
[EventDate "2022.09.24"]
[EventType "tourn"]
[EventCountry "AZE"]
[SourceTitle "playchess.com"]
[Source "ChessBase"]
[SourceQuality "1"]
[TimeControl "180+2"]

1. e4 e5 2. Nf3 Nc6 3. Nc3 Nf6 4. Bb5 Bb4 5. O-O O-O 6. d3 Bxc3 7. bxc3 d6 8. Re1 a6 9. Bxc6 bxc6 10. d4 Qe7 {[%emt 0:00:22] [#] C49: Four Knights: 4 Bb5 Bb4.} 11. a4 $146 ({Predecessor:} 11. Ba3 Nd7 12. Rb1 a5 13. c4 Rd8 14. c5 dxc5 15. Qc1 Qe6 16. dxe5 Nxe5 17. Nxe5 Qxe5 18. Rb3 {1-0 (28) Rozentalis,E (2536)-Reuker,J (2394) Hamburg 2019}) 11... a5 12. dxe5 dxe5 {[%emt 0:00:01] The position is equal.} 13. Ba3 c5 14. Qd3 Ba6 15. Qe3 Nd7 16. Nd2 Rfb8 17. Nb3 Bc4 18. Nxc5 Nxc5 19. Bxc5 Qe6 20. Ba3 h6 21. Qc5 Rc8 22. Rab1 Kh7 23. Red1 Ba2 24. Rb5 Rd8 25. Re1 Qg6 26. Qxe5 c6 {[%emt 0:00:05] [#]} (26... Be6 $14) 27. Rc5 (27. Rxa5 $6 Re8 28. Qh5 Rxa5 29. Qxa5 Rxe4 30. Rxe4 Qxe4 $11) (27. Rb2 $142 $1 Bc4 28. Be7) 27... Re8 (27... Rd2 $16) 28. Qf5 ({White should try} 28. Qf4 $18) 28... Rad8 (28... Qxf5 $16 29. Rxf5 Red8) 29. Qxg6+ $18 (29. Rxa5 Qxf5 30. Rxf5 {[#]} Rxe4 $1 $11) 29... fxg6 (29... Kxg6 {keeps fighting.} 30. f3 (30. Rxc6+ Re6 $16) (30. Rxa5 Rxe4 31. Rc1 Be6 $16) 30... Rd2) 30. f3 ({Inferior is} 30. Rxc6 Rxe4 31. Rc1 Rxa4 $11) 30... Rd2 31. Rxc6 Rxc2 32. e5 (32. Rc1 $18 Rd2 33. Bd6) 32... Rd8 33. Bd6 Bd5 34. Rc5 Be6 35. Rc7 (35. Rxa5 $18 {Black must now prevent Ra7.} g5 36. Ra7) 35... Re8 (35... Rb8 $16 36. Rxg7+ (36. Re7 Rbb2 $11) 36... Kxg7 37. Bxb8 Rxc3) 36. h4 Bb3 $2 (36... g5 $16 {was necessary.}) 37. Rc5 (37. Rb1 $142 Be6 38. Rbb7) 37... Bxa4 38. e6 Bb3 39. Rxa5 (39. Rc7 $18) 39... Rxe6 $16 40. Rxe6 Bxe6 $18 {[%emt 0:00:01][%mdl 4096] Endgame KRB-KRB} 41. Be5 Re2 42. Bd4 g5 $2 (42... Bf7 $16 43. Ra7 Kg8) 43. hxg5 (43. Ra7 $142 Kg8 44. Rxg7+ Kf8 45. hxg5 hxg5 46. Rxg5) 43... hxg5 44. Ra7 Kg6 45. Rxg7+ Kf5 46. Kh2 Bd5 (46... Rc2 $16 47. Be3 Rxc3) 47. Kg3 Rc2 48. Rd7 Bc4 49. Rc7 Bf1 50. Rc5+ Kg6 51. f4 (51. Rc6+ $16 Kf7 52. Bf2) 51... gxf4+ (51... Rxg2+ {is interesting.} 52. Kf3 gxf4 53. Ra5 Rg5) 52. Kxf4 (52. Kf3 {with more complications.} Rxg2 53. Ra5 Rg5 54. Ra1) 52... Rxg2 53. Rc8 Kf7 54. Ke5 Re2+ 55. Kd6 Bh3 56. Rc7+ Ke8 57. Rh7 Bf5 58. Rh8+ Kf7 59. Rh4 Re6+ 60. Kc5 Be4 61. Kb4 Bf5 62. Rf4 Kg6 63. Rf2 Re1 64. c4 Rb1+ 65. Kc5 Rc1 66. Kd5 Rd1 67. c5 {[%emt 0:00:02] And now c6 would win.} Bc8 $2 (67... Bd7 $11) 68. Rf6+ $2 (68. c6 $18) 68... Kg5 $11 69. Rf8 Bb7+ 70. Kc4 Ba6+ 71. Kd5 Bb7+ 72. Ke5 Re1+ 73. Kd6 Rd1 74. Kc7 Be4 75. Be5 Rc1 $2 (75... Rd5 $11) 76. Bd6 $2 ({Only move:} 76. Bf4+ $18 Kg6 77. Bxc1) 76... Rc2 77. Rf1 Bd5 78. Rg1+ Kf5 79. Re1 {[%emt 0:00:01] aiming for Re5+.} Be4 80. Rf1+ Ke6 81. Rf8 Bd5 82. Re8+ Kf7 83. Re5 Bg2 84. Re3 Bd5 85. Rd3 Ke6 86. Re3+ Kf7 87. Kd7 Rc4 88. Re5 Bg2 89. Rf5+ Kg6 90. Rf8 Bh3+ 91. Ke7 Re4+ 92. Kd8 Rc4 93. Rf3 Bf5 94. Kc7 Be4 (94... Kf6 $11 {remains equal.}) 95. Rf2 Rc2 96. Be7 $2 Rxf2 $19 97. Bd6 {[%emt 0:00:03] Black mates.} Rc2 98. Kb6 Kf7 99. Kc7 Ke6 100. Kd8 Ra2 101. Kc7 Ra7+ 102. Kb6 Rb7+ 103. Ka6 Kd7 104. Ka5 Kc6 105. Ka4 Bd5 106. Ka3 Kb5 107. Kb2 Kc4+ 108. Kc2 Rf7 109. Kd2 Kd4 110. Ke2 Bc4+ 111. Kd2 Rf2+ 112. Ke1 Re2+ 113. Kf1 Bb5 114. Kg1 Ke4 115. Kf1 Kf3 116. Kg1 Rf2 117. c6 Bxc6 118. Bg3 Rg2+ 119. Kh1 Rxg3 120. Kh2 Rg2+ {[%emt 0:00:01] A wild game.  Weighted Error Value: White=0.25 (precise) /Black=0.33} 0-1

[Event "Susha Chess Blitz Women 2022"]
[Site "Shusha"]
[Date "2022.09.24"]
[Round "15"]
[White "Arabidze, Meri"]
[Black "Dzagnidze, Nana"]
[Result "0-1"]
[ECO "A07"]
[WhiteElo "2422"]
[BlackElo "2526"]
[Annotator "TA"]
[PlyCount "56"]
[EventDate "2022.09.24"]
[EventType "tourn"]
[EventCountry "AZE"]
[SourceTitle "playchess.com"]
[Source "ChessBase"]
[SourceQuality "1"]
[TimeControl "180+2"]

1. Nf3 Nf6 2. g3 d5 3. Bg2 c6 4. O-O Bg4 5. d3 Nbd7 6. h3 Bh5 7. Qe1 {[%emt 0:00:01] 7.c4 might become the main line. A07: Réti Opening: New York and Capablanca Systems.} e6 8. Nh4 {[%emt 0:00:04] [#]} Bc5 $146 ({Predecessor:} 8... Qb6 9. a4 Bc5 10. Kh1 a5 11. f4 Be3 12. Bxe3 Qxe3 13. g4 Bg6 14. Qf2 Qxf2 15. Rxf2 Nc5 16. Nd2 Ke7 17. Ndf3 Nfd7 18. Nd4 f6 19. f5 Bf7 {½-½ (19) Das,A (2439)-Pruijssers,R (2534) Leiden 2019}) 9. b4 {[%emt 0:00:13] The position is equal.} Bb6 10. Bb2 Qe7 11. e3 g5 12. Nf3 g4 13. hxg4 Bxg4 14. Ne5 {[%emt 0:00:29] [#]} (14. Nh4 $11) 14... Rg8 $1 $17 15. Bd4 (15. b5 $17 {keeps fighting.}) 15... Nxe5 $19 16. Bxe5 h5 17. c4 (17. Nd2 {was necessary.}) 17... Nd7 18. Bd4 h4 {[%emt 0:00:07] [#] Hoping for ...h3.} 19. Nd2 Bc7 {[%emt 0:00:24] ...0-0-0 is the strong threat.} 20. cxd5 exd5 {[%emt 0:00:03] Threatens to win with ...0-0-0.} 21. f4 (21. e4 {is a better defense.} Be6 22. Rc1 (22. exd5 cxd5 23. Nf3 hxg3 $17) 22... hxg3 23. exd5 gxf2+ 24. Rxf2 Bxd5 25. Kf1 Bxg2+ 26. Rxg2 Rxg2 27. Qxe7+ Kxe7 28. Re1+ Kf8 29. Kxg2) 21... hxg3 ({And not} 21... Qxb4 22. Rb1 Qa4 23. Rc1 $17 (23. Rxb7 $2 Bb6 $19)) 22. Qxg3 O-O-O ({Don't blunder} 22... Qxb4 $2 23. Nf3 $19) 23. Qh2 Be2 {[%emt 0:00:04] Black is clearly winning.} 24. Rf2 Bxd3 25. a3 f6 26. Nb3 Rh8 27. Qg3 (27. Bh3 $142 Bb6 28. Bxb6 axb6 29. Rf3) 27... Rdg8 28. Qf3 Qh7 {[%emt 0:00:01] Weighted Error Value: White=0.97/Black=0.19 (very precise)} 0-1

[Event "Susha Chess Blitz Women 2022"]
[Site "Shusha"]
[Date "2022.09.24"]
[Round "15"]
[White "Fataliyeva, Ulviyya"]
[Black "Mammadzada, Gunay"]
[Result "1-0"]
[ECO "A06"]
[WhiteElo "2408"]
[BlackElo "2473"]
[Annotator "TA"]
[PlyCount "57"]
[EventDate "2022.09.24"]
[EventType "tourn"]
[EventCountry "AZE"]
[SourceTitle "playchess.com"]
[Source "ChessBase"]
[SourceQuality "1"]
[TimeControl "180+2"]

1. Nf3 d5 2. g3 c6 3. Bg2 Bg4 4. O-O e6 5. d4 Nf6 6. h3 {[%emt 0:00:03] D02: 1 d4 d5 2 Nf3 sidelines, including 2...Nf6 3 g3 and 2...Nf6 3 Bf4.} Bh5 7. Nbd2 Be7 8. c4 {[%emt 0:00:02] The position is equal.} O-O {[%emt 0:00:03] [#]} 9. cxd5 $146 ({White should try} 9. g4 $11 Bg6 10. Ne5) ({Predecessor:} 9. g4 Bg6 10. Ne5 Nfd7 11. Nxg6 hxg6 12. e3 Na6 13. a3 Nc7 14. b3 a5 15. Bb2 {0-1 (48) Moser,G (2306)-Acs,P (2586) Austria 2019}) 9... cxd5 $15 10. Qb3 Qc7 11. g4 Bg6 12. Ne5 Bc2 13. Qg3 Nc6 14. Nxc6 Qxc6 15. Nf3 Ne4 16. Qh2 ({White should play} 16. Qf4) 16... Qb5 $2 {[%emt 0:00:32] Loses the game.} (16... Qb6 $17 {Strongly threatening ...Rac8.} 17. Qf4 Rac8) 17. Qc7 $1 $18 Qxe2 {[%emt 0:00:50] [#] Threatens to win with ...Bd6.} 18. Qxe7 Bd3 19. Qb4 ({Don't do} 19. Qxb7 Ba6 20. Qb3 f5 $18) 19... a5 20. Qe1 ({But not} 20. Qxb7 Ba6 21. Qb3 Rfc8 $18) 20... Qc2 21. Qd1 Rac8 22. Qxc2 Rxc2 23. Ne1 Bxf1 24. Nxc2 Bd3 25. Ne1 Ba6 26. f3 Ng3 {[%emt 0:00:02] [#]} (26... Nd6 27. Bf4 Nb5) 27. Be3 f5 28. Kf2 Ne2 29. Bf1 {[%emt 0:00:07] Weighted Error Value: White=0.28 (precise) /Black=0.52} 1-0

[Event "Susha Chess Blitz Women 2022"]
[Site "Shusha"]
[Date "2022.09.24"]
[Round "15"]
[White "Balajayeva, Khanim"]
[Black "Zawadzka, Jolanta"]
[Result "1-0"]
[ECO "B90"]
[WhiteElo "2379"]
[BlackElo "2401"]
[Annotator "TA"]
[PlyCount "41"]
[EventDate "2022.09.24"]
[EventType "tourn"]
[EventCountry "AZE"]
[SourceTitle "playchess.com"]
[Source "ChessBase"]
[SourceQuality "1"]
[TimeControl "180+2"]

1. e4 c5 2. Nf3 d6 3. d4 cxd4 4. Nxd4 Nf6 5. Nc3 a6 6. h3 e6 7. g4 Be7 {[%emt 0:00:02] B81: Sicilian Scheveningen: Keres Attack.} 8. g5 Nfd7 9. h4 Nc6 {[%emt 0:00:02] White is slightly better.} 10. Be3 Qc7 11. Be2 (11. f4 $16) 11... O-O 12. h5 {[%emt 0:00:04] [#]} Nxd4 $146 ({Black should play} 12... Na5 $14) ({Predecessor:} 12... b5 13. Nxc6 Qxc6 14. Qd4 Re8 15. h6 Bf8 16. O-O-O g6 17. a4 Rb8 18. axb5 axb5 {0-1 (50) Freitag,T-Emonot,P IECG email 1996}) 13. Qxd4 $16 {[%emt 0:00:02] aiming for h6.} f6 $2 {[%emt 0:00:11] [#]} (13... Qc5 $16) 14. Rg1 $2 (14. g6 $1 $18 {is the precise move to win.}) 14... Kh8 $2 (14... fxg5 $16 15. Bxg5 Nf6) 15. h6 (15. g6 $18 {and White stays clearly on top.}) 15... g6 16. O-O-O b5 {[%emt 0:00:35] [#]} 17. f4 $1 $36 {[%emt 0:00:07][%mdl 2048] Keeping Black busy. White has more active pieces. The black rooks are badly placed.} Nc5 (17... Bb7 $16) 18. f5 exf5 $2 (18... e5 19. Qd2 Bb7) 19. Nd5 $18 {[%emt 0:00:02][%csl LRc7,LRf6] White is clearly winning.} Qd8 20. gxf6 Bxf6 21. Nxf6 {[%emt 0:00:04] Weighted Error Value: White=0.34/Black=0.93} 1-0

[Event "Susha Chess Blitz Women 2022"]
[Site "Shusha"]
[Date "2022.09.24"]
[Round "15"]
[White "Beydullayeva, Govhar"]
[Black "Mammadova, Gulnar"]
[Result "0-1"]
[ECO "A42"]
[WhiteElo "2346"]
[BlackElo "2382"]
[Annotator "TA"]
[PlyCount "98"]
[EventDate "2022.09.24"]
[EventType "tourn"]
[EventCountry "AZE"]
[SourceTitle "playchess.com"]
[Source "ChessBase"]
[SourceQuality "1"]
[TimeControl "180+2"]

1. d4 g6 2. c4 Bg7 3. Nc3 d6 4. e4 e5 5. d5 a5 6. h4 {[%emt 0:00:09] A42: Modern Defence: Averbakh Variation.} h5 7. Nge2 Na6 {[%emt 0:00:27] [#]} 8. Be3 $146 {[%emt 0:00:08] The position is equal.} ({Predecessor:} 8. Ng3 Bf6 9. Be3 Bg4 10. Be2 Bxe2 11. Qxe2 Bxh4 12. Qd2 Bf6 13. O-O-O Nc5 14. Bxc5 dxc5 {0-1 (61) Alivodic,D (2098)-Vantika,A (2171) Djenovici 2019}) 8... f5 (8... Bh6 $11 {is more appropriate.}) 9. exf5 $14 gxf5 10. Bg5 Bf6 11. Bxf6 (11. Qd2 $14) 11... Nxf6 $15 12. Ng3 Qe7 13. Be2 Qf7 14. Qc2 (14. a3 $1 $11 {keeps the balance.}) 14... f4 $17 15. Nge4 Nxe4 16. Nxe4 {[%emt 0:00:04] [#]} Bf5 (16... Qg6 $1 $17) 17. Bd3 $2 {[%emt 0:00:44][%mdl 8192] White is now going downhill.} (17. Qa4+ $1 $11 {and White has nothing to worry.} Ke7 18. Ng5) 17... Nb4 $19 18. Qe2 Nxd3+ (18... Qg6 19. Bb1 $17) 19. Qxd3 Qg6 20. f3 Bxe4 ({Worse is} 20... Qxg2 21. O-O-O Bxe4 22. Qxe4 $17) 21. Qxe4 Qxe4+ 22. fxe4 {[%emt 0:00:00][%mdl 4096] Endgame KRR-KRR} Ke7 23. Kf2 (23. Kf1 $17 {might work better.}) 23... Rhg8 24. Rh3 Rg4 25. Rg1 Rag8 26. Kf3 Rg3+ 27. Rxg3 Rxg3+ {[%emt 0:00:02] KR-KR} ({Stronger than} 27... fxg3 28. Rh1 $11) 28. Kf2 Rd3 $2 (28... a4 $19 {Threatens to win with ...b6.} 29. Rd1 Re3) 29. Re1 $2 (29. g3 $17) 29... a4 30. Re2 b6 31. Rc2 Rd1 32. Re2 Ra1 33. a3 Rc1 34. Re1 (34. g3 {is the only way for White.} fxg3+ 35. Kg2) 34... Rxc4 {[%emt 0:00:02] [#] White must now prevent ...Rc2+.} 35. Kf3 $2 (35. Re2 {only move.}) 35... Rc2 36. g3 fxg3 37. Kxg3 Rxb2 {Hoping for ...Rb3+.} 38. Rf1 Rb3+ 39. Kg2 Rxa3 {[%emt 0:00:00] ( -> ...b5)} 40. Rf5 Rb3 {[%emt 0:00:03] Black mates.} 41. Rxh5 a3 42. Rh7+ Kf6 43. Rxc7 Rb5 44. Rc1 a2 45. Ra1 Rb2+ 46. Kg3 b5 47. Kg4 b4 48. Kh5 b3 49. Rf1+ Ke7 {[%emt 0:00:01] Weighted Error Value: White=0.72/Black=0.11 (very precise)} 0-1